Workbook

Sheet DASHBOARD
A1: DASHBOARD — CONTAS E VENCIMENTOS
A3: Mês de referência | B3: 46235 | D3: Altere B3 para analisar outro mês.
A5: Previsto no mês | C5: Pago no mês | E5: Saldo em aberto | G5: Saldo vencido | I5: Próximos 7 dias
A6: =SUMIFS(CONTAS!$C$6:$C$205,CONTAS!$D$6:$D$205,">="&EOMONTH($B$3,-1)+1,CONTAS!$D$6:$D$205,"<="&EOMONTH($B$3,0)) -> 4863.8 | C6: =SUMIFS(CONTAS!$I$6:$I$205,CONTAS!$D$6:$D$205,">="&EOMONTH($B$3,-1)+1,CONTAS!$D$6:$D$205,"<="&EOMONTH($B$3,0)) -> 2419.8 | E6: =SUMIFS(CONTAS!$J$6:$J$205,CONTAS!$D$6:$D$205,">="&EOMONTH($B$3,-1)+1,CONTAS!$D$6:$D$205,"<="&EOMONTH($B$3,0)) -> 2444 | G6: =SUMIFS(CONTAS!$J$6:$J$205,CONTAS!$D$6:$D$205,">="&EOMONTH($B$3,-1)+1,CONTAS!$D$6:$D$205,"<"&TODAY(),CONTAS!$J$6:$J$205,">0") -> 900 | I6: =SUMIFS(CONTAS!$J$6:$J$205,CONTAS!$D$6:$D$205,">="&TODAY(),CONTAS!$D$6:$D$205,"<="&TODAY()+LISTAS!$F$4,CONTAS!$J$6:$J$205,">0") -> 1235.6
A10: PREVISTO POR CATEGORIA
A11: Categoria | B11: Previsto no mês
A12: Aluguel/Moradia | B12: =SUMIFS(CONTAS!$C$6:$C$205,CONTAS!$B$6:$B$205,A12,CONTAS!$D$6:$D$205,">="&EOMONTH($B$3,-1)+1,CONTAS!$D$6:$D$205,"<="&EOMONTH($B$3,0)) -> 1800
A13: Condomínio | B13: =SUMIFS(CONTAS!$C$6:$C$205,CONTAS!$B$6:$B$205,A13,CONTAS!$D$6:$D$205,">="&EOMONTH($B$3,-1)+1,CONTAS!$D$6:$D$205,"<="&EOMONTH($B$3,0)) -> 520
A14: Energia | B14: =SUMIFS(CONTAS!$C$6:$C$205,CONTAS!$B$6:$B$205,A14,CONTAS!$D$6:$D$205,">="&EOMONTH($B$3,-1)+1,CONTAS!$D$6:$D$205,"<="&EOMONTH($B$3,0)) -> 245.7
A15: Água | B15: =SUMIFS(CONTAS!$C$6:$C$205,CONTAS!$B$6:$B$205,A15,CONTAS!$D$6:$D$205,">="&EOMONTH($B$3,-1)+1,CONTAS!$D$6:$D$205,"<="&EOMONTH($B$3,0)) -> 98.4
A16: Internet | B16: =SUMIFS(CONTAS!$C$6:$C$205,CONTAS!$B$6:$B$205,A16,CONTAS!$D$6:$D$205,">="&EOMONTH($B$3,-1)+1,CONTAS!$D$6:$D$205,"<="&EOMONTH($B$3,0)) -> 129.9
A17: Telefone | B17: =SUMIFS(CONTAS!$C$6:$C$205,CONTAS!$B$6:$B$205,A17,CONTAS!$D$6:$D$205,">="&EOMONTH($B$3,-1)+1,CONTAS!$D$6:$D$205,"<="&EOMONTH($B$3,0)) -> 0
A18: Cartão de crédito | B18: =SUMIFS(CONTAS!$C$6:$C$205,CONTAS!$B$6:$B$205,A18,CONTAS!$D$6:$D$205,">="&EOMONTH($B$3,-1)+1,CONTAS!$D$6:$D$205,"<="&EOMONTH($B$3,0)) -> 950
A19: Assinaturas | B19: =SUMIFS(CONTAS!$C$6:$C$205,CONTAS!$B$6:$B$205,A19,CONTAS!$D$6:$D$205,">="&EOMONTH($B$3,-1)+1,CONTAS!$D$6:$D$205,"<="&EOMONTH($B$3,0)) -> 39.9
A20: Escola/Educação | B20: =SUMIFS(CONTAS!$C$6:$C$205,CONTAS!$B$6:$B$205,A20,CONTAS!$D$6:$D$205,">="&EOMONTH($B$3,-1)+1,CONTAS!$D$6:$D$205,"<="&EOMONTH($B$3,0)) -> 780
A21: Saúde | B21: =SUMIFS(CONTAS!$C$6:$C$205,CONTAS!$B$6:$B$205,A21,CONTAS!$D$6:$D$205,">="&EOMONTH($B$3,-1)+1,CONTAS!$D$6:$D$205,"<="&EOMONTH($B$3,0)) -> 89.9
A22: Seguros | B22: =SUMIFS(CONTAS!$C$6:$C$205,CONTAS!$B$6:$B$205,A22,CONTAS!$D$6:$D$205,">="&EOMONTH($B$3,-1)+1,CONTAS!$D$6:$D$205,"<="&EOMONTH($B$3,0)) -> 210
A23: Impostos/Taxas | B23: =SUMIFS(CONTAS!$C$6:$C$205,CONTAS!$B$6:$B$205,A23,CONTAS!$D$6:$D$205,">="&EOMONTH($B$3,-1)+1,CONTAS!$D$6:$D$205,"<="&EOMONTH($B$3,0)) -> 0
... A25: Outros | B25: =SUMIFS(CONTAS!$C$6:$C$205,CONTAS!$B$6:$B$205,A25,CONTAS!$D$6:$D$205,">="&EOMONTH($B$3,-1)+1,CONTAS!$D$6:$D$205,"<="&EOMONTH($B$3,0)) -> 0
A29: EVOLUÇÃO NO ANO
A30: Mês | B30: Previsto | C30: Pago
A31: =DATE(YEAR($B$3),1,1) -> 46023 | B31: =SUMIFS(CONTAS!$C$6:$C$205,CONTAS!$D$6:$D$205,">="&A31,CONTAS!$D$6:$D$205,"<="&EOMONTH(A31,0)) -> 0 | C31: =SUMIFS(CONTAS!$I$6:$I$205,CONTAS!$D$6:$D$205,">="&A31,CONTAS!$D$6:$D$205,"<="&EOMONTH(A31,0)) -> 0
A32: =EDATE(A31,1) -> 46054 | B32: =SUMIFS(CONTAS!$C$6:$C$205,CONTAS!$D$6:$D$205,">="&A32,CONTAS!$D$6:$D$205,"<="&EOMONTH(A32,0)) -> 0 | C32: =SUMIFS(CONTAS!$I$6:$I$205,CONTAS!$D$6:$D$205,">="&A32,CONTAS!$D$6:$D$205,"<="&EOMONTH(A32,0)) -> 0
A33: =EDATE(A32,1) -> 46082 | B33: =SUMIFS(CONTAS!$C$6:$C$205,CONTAS!$D$6:$D$205,">="&A33,CONTAS!$D$6:$D$205,"<="&EOMONTH(A33,0)) -> 0 | C33: =SUMIFS(CONTAS!$I$6:$I$205,CONTAS!$D$6:$D$205,">="&A33,CONTAS!$D$6:$D$205,"<="&EOMONTH(A33,0)) -> 0
A34: =EDATE(A33,1) -> 46113 | B34: =SUMIFS(CONTAS!$C$6:$C$205,CONTAS!$D$6:$D$205,">="&A34,CONTAS!$D$6:$D$205,"<="&EOMONTH(A34,0)) -> 0 | C34: =SUMIFS(CONTAS!$I$6:$I$205,CONTAS!$D$6:$D$205,">="&A34,CONTAS!$D$6:$D$205,"<="&EOMONTH(A34,0)) -> 0
A35: =EDATE(A34,1) -> 46143 | B35: =SUMIFS(CONTAS!$C$6:$C$205,CONTAS!$D$6:$D$205,">="&A35,CONTAS!$D$6:$D$205,"<="&EOMONTH(A35,0)) -> 0 | C35: =SUMIFS(CONTAS!$I$6:$I$205,CONTAS!$D$6:$D$205,">="&A35,CONTAS!$D$6:$D$205,"<="&EOMONTH(A35,0)) -> 0
A36: =EDATE(A35,1) -> 46174 | B36: =SUMIFS(CONTAS!$C$6:$C$205,CONTAS!$D$6:$D$205,">="&A36,CONTAS!$D$6:$D$205,"<="&EOMONTH(A36,0)) -> 0 | C36: =SUMIFS(CONTAS!$I$6:$I$205,CONTAS!$D$6:$D$205,">="&A36,CONTAS!$D$6:$D$205,"<="&EOMONTH(A36,0)) -> 0
A37: =EDATE(A36,1) -> 46204 | B37: =SUMIFS(CONTAS!$C$6:$C$205,CONTAS!$D$6:$D$205,">="&A37,CONTAS!$D$6:$D$205,"<="&EOMONTH(A37,0)) -> 0 | C37: =SUMIFS(CONTAS!$I$6:$I$205,CONTAS!$D$6:$D$205,">="&A37,CONTAS!$D$6:$D$205,"<="&EOMONTH(A37,0)) -> 0
A38: =EDATE(A37,1) -> 46235 | B38: =SUMIFS(CONTAS!$C$6:$C$205,CONTAS!$D$6:$D$205,">="&A38,CONTAS!$D$6:$D$205,"<="&EOMONTH(A38,0)) -> 4863.8 | C38: =SUMIFS(CONTAS!$I$6:$I$205,CONTAS!$D$6:$D$205,">="&A38,CONTAS!$D$6:$D$205,"<="&EOMONTH(A38,0)) -> 2419.8
A39: =EDATE(A38,1) -> 46266 | B39: =SUMIFS(CONTAS!$C$6:$C$205,CONTAS!$D$6:$D$205,">="&A39,CONTAS!$D$6:$D$205,"<="&EOMONTH(A39,0)) -> 0 | C39: =SUMIFS(CONTAS!$I$6:$I$205,CONTAS!$D$6:$D$205,">="&A39,CONTAS!$D$6:$D$205,"<="&EOMONTH(A39,0)) -> 0
A40: =EDATE(A39,1) -> 46296 | B40: =SUMIFS(CONTAS!$C$6:$C$205,CONTAS!$D$6:$D$205,">="&A40,CONTAS!$D$6:$D$205,"<="&EOMONTH(A40,0)) -> 0 | C40: =SUMIFS(CONTAS!$I$6:$I$205,CONTAS!$D$6:$D$205,">="&A40,CONTAS!$D$6:$D$205,"<="&EOMONTH(A40,0)) -> 0
A41: =EDATE(A40,1) -> 46327 | B41: =SUMIFS(CONTAS!$C$6:$C$205,CONTAS!$D$6:$D$205,">="&A41,CONTAS!$D$6:$D$205,"<="&EOMONTH(A41,0)) -> 0 | C41: =SUMIFS(CONTAS!$I$6:$I$205,CONTAS!$D$6:$D$205,">="&A41,CONTAS!$D$6:$D$205,"<="&EOMONTH(A41,0)) -> 0
A42: =EDATE(A41,1) -> 46357 | B42: =SUMIFS(CONTAS!$C$6:$C$205,CONTAS!$D$6:$D$205,">="&A42,CONTAS!$D$6:$D$205,"<="&EOMONTH(A42,0)) -> 0 | C42: =SUMIFS(CONTAS!$I$6:$I$205,CONTAS!$D$6:$D$205,">="&A42,CONTAS!$D$6:$D$205,"<="&EOMONTH(A42,0)) -> 0

Sheet INICIO
A1: CONTAS E VENCIMENTOS
A2: Controle doméstico de contas, pagamentos, atrasos e recorrências — versão 1.0
A4: COMO USAR
A5: 1 | B5: Na aba CONTAS, registre uma obrigação por linha.
A6: 2 | B6: Preencha as células de entrada (texto azul): conta, categoria, valor, vencimento, recorrência, forma de pagamento, data/valor pagos e observações.
A7: 3 | B7: Status, saldo, dias para vencimento, competência e próximo vencimento são calculados automaticamente.
A8: 4 | B8: Use o DASHBOARD para acompanhar o mês e o ano; altere o mês de referência em B3.
A9: 5 | B9: Consulte AUDITORIA se houver preenchimentos incompletos ou inconsistentes.
A10: 6 | B10: Recorrência calcula o próximo vencimento, mas não cria automaticamente uma nova linha futura.
A12: LEGENDA
A13: Entrada manual | B13: Texto azul
A14: Cálculo automático | B14: Texto preto
A15: Atenção / revisar | B15: Fundo amarelo
A16: Vencido / problema | B16: Fundo vermelho claro
A18: REFERÊNCIAS DE ESTUDO
A19: Calendário de contas — CFPB | B19: https://www.consumerfinance.gov/about-us/blog/budget-help-manage-your-monthly-expenses-bill-calendar/
A20: Orçamento doméstico — Consumer.gov | B20: https://consumer.gov/your-money/making-budget
A21: Tabelas do Excel — Microsoft | B21: https://support.microsoft.com/en-us/excel/get-started/create-and-format-tables
A22: Formatação condicional — Microsoft | B22: https://support.microsoft.com/en-us/excel/use-conditional-formatting-to-highlight-information-in-excel

Sheet CONTAS
A1: CONTAS E VENCIMENTOS — LANÇAMENTOS
A2: Uma linha = uma conta/obrigação. Campos azuis são digitados; demais colunas são calculadas.
A5: Conta | B5: Categoria | C5: Valor Previsto | D5: Vencimento | E5: Recorrência | F5: Forma de Pagamento | G5: Status | H5: Data Paga | I5: Valor Pago | J5: Saldo | K5: Diferença | L5: Dias p/ Venc. | M5: Próximo Vencimento | N5: Competência | O5: Observações
A6: Aluguel apartamento | B6: Aluguel/Moradia | C6: 1800 | D6: 46239 | E6: Mensal | F6: Pix | G6: =IF(A6="","",IF(H6<>"",IF(I6="","Revisar",IF(I6>=C6,"Pago","Parcial")),IF(D6="","Revisar",IF(D6<TODAY(),"Vencido",IF(D6=TODAY(),"Vence hoje","A vencer"))))) -> Pago | H6: 46238 | I6: 1800 | J6: =IF(A6="","",MAX(C6-IF(I6="",0,I6),0)) -> 0 | K6: =IF(A6="","",IF(I6="","",I6-C6)) -> 0 | L6: =IF(A6="","",IF(OR(G6="Pago",D6=""),0,D6-TODAY())) -> 0 | M6: =IF(A6="","",IF(OR(E6="",E6="Não recorrente",D6=""),"",IF(E6="Semanal",D6+7,IF(E6="Quinzenal",D6+14,IF(E6="Mensal",EDATE(D6,1),IF(E6="Bimestral",EDATE(D6,2),IF(E6="Trimestral",EDATE(D6,3),IF(E6="Semestral",EDATE(D6,6),IF(E6="Anual",EDATE(D6,12),""))))))))) -> 46270 | N6: =IF(D6="","",DATE(YEAR(D6),MONTH(D6),1)) -> 46235 | O6: Exemplo fictício
A7: Conta de energia | B7: Energia | C7: 245.7 | D7: 46246 | E7: Mensal | F7: Débito automático | G7: =IF(A7="","",IF(H7<>"",IF(I7="","Revisar",IF(I7>=C7,"Pago","Parcial")),IF(D7="","Revisar",IF(D7<TODAY(),"Vencido",IF(D7=TODAY(),"Vence hoje","A vencer"))))) -> A vencer | J7: =IF(A7="","",MAX(C7-IF(I7="",0,I7),0)) -> 245.7 | K7: =IF(A7="","",IF(I7="","",I7-C7)) | L7: =IF(A7="","",IF(OR(G7="Pago",D7=""),0,D7-TODAY())) -> 1 | M7: =IF(A7="","",IF(OR(E7="",E7="Não recorrente",D7=""),"",IF(E7="Semanal",D7+7,IF(E7="Quinzenal",D7+14,IF(E7="Mensal",EDATE(D7,1),IF(E7="Bimestral",EDATE(D7,2),IF(E7="Trimestral",EDATE(D7,3),IF(E7="Semestral",EDATE(D7,6),IF(E7="Anual",EDATE(D7,12),""))))))))) -> 46277 | N7: =IF(D7="","",DATE(YEAR(D7),MONTH(D7),1)) -> 46235 | O7: Exemplo fictício
A8: Internet residencial | B8: Internet | C8: 129.9 | D8: 46244 | E8: Mensal | F8: Cartão de crédito | G8: =IF(A8="","",IF(H8<>"",IF(I8="","Revisar",IF(I8>=C8,"Pago","Parcial")),IF(D8="","Revisar",IF(D8<TODAY(),"Vencido",IF(D8=TODAY(),"Vence hoje","A vencer"))))) -> Pago | H8: 46243 | I8: 129.9 | J8: =IF(A8="","",MAX(C8-IF(I8="",0,I8),0)) -> 0 | K8: =IF(A8="","",IF(I8="","",I8-C8)) -> 0 | L8: =IF(A8="","",IF(OR(G8="Pago",D8=""),0,D8-TODAY())) -> 0 | M8: =IF(A8="","",IF(OR(E8="",E8="Não recorrente",D8=""),"",IF(E8="Semanal",D8+7,IF(E8="Quinzenal",D8+14,IF(E8="Mensal",EDATE(D8,1),IF(E8="Bimestral",EDATE(D8,2),IF(E8="Trimestral",EDATE(D8,3),IF(E8="Semestral",EDATE(D8,6),IF(E8="Anual",EDATE(D8,12),""))))))))) -> 46275 | N8: =IF(D8="","",DATE(YEAR(D8),MONTH(D8),1)) -> 46235 | O8: Exemplo fictício
A9: Fatura do cartão | B9: Cartão de crédito | C9: 950 | D9: 46249 | E9: Mensal | F9: Pix | G9: =IF(A9="","",IF(H9<>"",IF(I9="","Revisar",IF(I9>=C9,"Pago","Parcial")),IF(D9="","Revisar",IF(D9<TODAY(),"Vencido",IF(D9=TODAY(),"Vence hoje","A vencer"))))) -> A vencer | J9: =IF(A9="","",MAX(C9-IF(I9="",0,I9),0)) -> 950 | K9: =IF(A9="","",IF(I9="","",I9-C9)) | L9: =IF(A9="","",IF(OR(G9="Pago",D9=""),0,D9-TODAY())) -> 4 | M9: =IF(A9="","",IF(OR(E9="",E9="Não recorrente",D9=""),"",IF(E9="Semanal",D9+7,IF(E9="Quinzenal",D9+14,IF(E9="Mensal",EDATE(D9,1),IF(E9="Bimestral",EDATE(D9,2),IF(E9="Trimestral",EDATE(D9,3),IF(E9="Semestral",EDATE(D9,6),IF(E9="Anual",EDATE(D9,12),""))))))))) -> 46280 | N9: =IF(D9="","",DATE(YEAR(D9),MONTH(D9),1)) -> 46235 | O9: Exemplo fictício
A10: Streaming | B10: Assinaturas | C10: 39.9 | D10: 46252 | E10: Mensal | F10: Cartão de crédito | G10: =IF(A10="","",IF(H10<>"",IF(I10="","Revisar",IF(I10>=C10,"Pago","Parcial")),IF(D10="","Revisar",IF(D10<TODAY(),"Vencido",IF(D10=TODAY(),"Vence hoje","A vencer"))))) -> A vencer | J10: =IF(A10="","",MAX(C10-IF(I10="",0,I10),0)) -> 39.9 | K10: =IF(A10="","",IF(I10="","",I10-C10)) | L10: =IF(A10="","",IF(OR(G10="Pago",D10=""),0,D10-TODAY())) -> 7 | M10: =IF(A10="","",IF(OR(E10="",E10="Não recorrente",D10=""),"",IF(E10="Semanal",D10+7,IF(E10="Quinzenal",D10+14,IF(E10="Mensal",EDATE(D10,1),IF(E10="Bimestral",EDATE(D10,2),IF(E10="Trimestral",EDATE(D10,3),IF(E10="Semestral",EDATE(D10,6),IF(E10="Anual",EDATE(D10,12),""))))))))) -> 46283 | N10: =IF(D10="","",DATE(YEAR(D10),MONTH(D10),1)) -> 46235 | O10: Exemplo fictício
A11: Mensalidade escolar | B11: Escola/Educação | C11: 780 | D11: 46242 | E11: Mensal | F11: Boleto | G11: =IF(A11="","",IF(H11<>"",IF(I11="","Revisar",IF(I11>=C11,"Pago","Parcial")),IF(D11="","Revisar",IF(D11<TODAY(),"Vencido",IF(D11=TODAY(),"Vence hoje","A vencer"))))) -> Parcial | H11: 46242 | I11: 400 | J11: =IF(A11="","",MAX(C11-IF(I11="",0,I11),0)) -> 380 | K11: =IF(A11="","",IF(I11="","",I11-C11)) -> -380 | L11: =IF(A11="","",IF(OR(G11="Pago",D11=""),0,D11-TODAY())) -> -3 | M11: =IF(A11="","",IF(OR(E11="",E11="Não recorrente",D11=""),"",IF(E11="Semanal",D11+7,IF(E11="Quinzenal",D11+14,IF(E11="Mensal",EDATE(D11,1),IF(E11="Bimestral",EDATE(D11,2),IF(E11="Trimestral",EDATE(D11,3),IF(E11="Semestral",EDATE(D11,6),IF(E11="Anual",EDATE(D11,12),""))))))))) -> 46273 | N11: =IF(D11="","",DATE(YEAR(D11),MONTH(D11),1)) -> 46235 | O11: Pagamento parcial fictício
A12: Condomínio | B12: Condomínio | C12: 520 | D12: 46244 | E12: Mensal | F12: Boleto | G12: =IF(A12="","",IF(H12<>"",IF(I12="","Revisar",IF(I12>=C12,"Pago","Parcial")),IF(D12="","Revisar",IF(D12<TODAY(),"Vencido",IF(D12=TODAY(),"Vence hoje","A vencer"))))) -> Vencido | J12: =IF(A12="","",MAX(C12-IF(I12="",0,I12),0)) -> 520 | K12: =IF(A12="","",IF(I12="","",I12-C12)) | L12: =IF(A12="","",IF(OR(G12="Pago",D12=""),0,D12-TODAY())) -> -1 | M12: =IF(A12="","",IF(OR(E12="",E12="Não recorrente",D12=""),"",IF(E12="Semanal",D12+7,IF(E12="Quinzenal",D12+14,IF(E12="Mensal",EDATE(D12,1),IF(E12="Bimestral",EDATE(D12,2),IF(E12="Trimestral",EDATE(D12,3),IF(E12="Semestral",EDATE(D12,6),IF(E12="Anual",EDATE(D12,12),""))))))))) -> 46275 | N12: =IF(D12="","",DATE(YEAR(D12),MONTH(D12),1)) -> 46235 | O12: Exemplo fictício
A13: Conta de água | B13: Água | C13: 98.4 | D13: 46254 | E13: Mensal | F13: Pix | G13: =IF(A13="","",IF(H13<>"",IF(I13="","Revisar",IF(I13>=C13,"Pago","Parcial")),IF(D13="","Revisar",IF(D13<TODAY(),"Vencido",IF(D13=TODAY(),"Vence hoje","A vencer"))))) -> A vencer | J13: =IF(A13="","",MAX(C13-IF(I13="",0,I13),0)) -> 98.4 | K13: =IF(A13="","",IF(I13="","",I13-C13)) | L13: =IF(A13="","",IF(OR(G13="Pago",D13=""),0,D13-TODAY())) -> 9 | M13: =IF(A13="","",IF(OR(E13="",E13="Não recorrente",D13=""),"",IF(E13="Semanal",D13+7,IF(E13="Quinzenal",D13+14,IF(E13="Mensal",EDATE(D13,1),IF(E13="Bimestral",EDATE(D13,2),IF(E13="Trimestral",EDATE(D13,3),IF(E13="Semestral",EDATE(D13,6),IF(E13="Anual",EDATE(D13,12),""))))))))) -> 46285 | N13: =IF(D13="","",DATE(YEAR(D13),MONTH(D13),1)) -> 46235 | O13: Exemplo fictício
A14: Seguro do carro | B14: Seguros | C14: 210 | D14: 46259 | E14: Mensal | F14: Débito automático | G14: =IF(A14="","",IF(H14<>"",IF(I14="","Revisar",IF(I14>=C14,"Pago","Parcial")),IF(D14="","Revisar",IF(D14<TODAY(),"Vencido",IF(D14=TODAY(),"Vence hoje","A vencer"))))) -> A vencer | J14: =IF(A14="","",MAX(C14-IF(I14="",0,I14),0)) -> 210 | K14: =IF(A14="","",IF(I14="","",I14-C14)) | L14: =IF(A14="","",IF(OR(G14="Pago",D14=""),0,D14-TODAY())) -> 14 | M14: =IF(A14="","",IF(OR(E14="",E14="Não recorrente",D14=""),"",IF(E14="Semanal",D14+7,IF(E14="Quinzenal",D14+14,IF(E14="Mensal",EDATE(D14,1),IF(E14="Bimestral",EDATE(D14,2),IF(E14="Trimestral",EDATE(D14,3),IF(E14="Semestral",EDATE(D14,6),IF(E14="Anual",EDATE(D14,12),""))))))))) -> 46290 | N14: =IF(D14="","",DATE(YEAR(D14),MONTH(D14),1)) -> 46235 | O14: Exemplo fictício
A15: Academia | B15: Saúde | C15: 89.9 | D15: 46237 | E15: Mensal | F15: Cartão de crédito | G15: =IF(A15="","",IF(H15<>"",IF(I15="","Revisar",IF(I15>=C15,"Pago","Parcial")),IF(D15="","Revisar",IF(D15<TODAY(),"Vencido",IF(D15=TODAY(),"Vence hoje","A vencer"))))) -> Pago | H15: 46236 | I15: 89.9 | J15: =IF(A15="","",MAX(C15-IF(I15="",0,I15),0)) -> 0 | K15: =IF(A15="","",IF(I15="","",I15-C15)) -> 0 | L15: =IF(A15="","",IF(OR(G15="Pago",D15=""),0,D15-TODAY())) -> 0 | M15: =IF(A15="","",IF(OR(E15="",E15="Não recorrente",D15=""),"",IF(E15="Semanal",D15+7,IF(E15="Quinzenal",D15+14,IF(E15="Mensal",EDATE(D15,1),IF(E15="Bimestral",EDATE(D15,2),IF(E15="Trimestral",EDATE(D15,3),IF(E15="Semestral",EDATE(D15,6),IF(E15="Anual",EDATE(D15,12),""))))))))) -> 46268 | N15: =IF(D15="","",DATE(YEAR(D15),MONTH(D15),1)) -> 46235 | O15: Exemplo fictício
G16: =IF(A16="","",IF(H16<>"",IF(I16="","Revisar",IF(I16>=C16,"Pago","Parcial")),IF(D16="","Revisar",IF(D16<TODAY(),"Vencido",IF(D16=TODAY(),"Vence hoje","A vencer"))))) | J16: =IF(A16="","",MAX(C16-IF(I16="",0,I16),0)) | K16: =IF(A16="","",IF(I16="","",I16-C16)) | L16: =IF(A16="","",IF(OR(G16="Pago",D16=""),0,D16-TODAY())) | M16: =IF(A16="","",IF(OR(E16="",E16="Não recorrente",D16=""),"",IF(E16="Semanal",D16+7,IF(E16="Quinzenal",D16+14,IF(E16="Mensal",EDATE(D16,1),IF(E16="Bimestral",EDATE(D16,2),IF(E16="Trimestral",EDATE(D16,3),IF(E16="Semestral",EDATE(D16,6),IF(E16="Anual",EDATE(D16,12),""))))))))) | N16: =IF(D16="","",DATE(YEAR(D16),MONTH(D16),1))
G17: =IF(A17="","",IF(H17<>"",IF(I17="","Revisar",IF(I17>=C17,"Pago","Parcial")),IF(D17="","Revisar",IF(D17<TODAY(),"Vencido",IF(D17=TODAY(),"Vence hoje","A vencer"))))) | J17: =IF(A17="","",MAX(C17-IF(I17="",0,I17),0)) | K17: =IF(A17="","",IF(I17="","",I17-C17)) | L17: =IF(A17="","",IF(OR(G17="Pago",D17=""),0,D17-TODAY())) | M17: =IF(A17="","",IF(OR(E17="",E17="Não recorrente",D17=""),"",IF(E17="Semanal",D17+7,IF(E17="Quinzenal",D17+14,IF(E17="Mensal",EDATE(D17,1),IF(E17="Bimestral",EDATE(D17,2),IF(E17="Trimestral",EDATE(D17,3),IF(E17="Semestral",EDATE(D17,6),IF(E17="Anual",EDATE(D17,12),""))))))))) | N17: =IF(D17="","",DATE(YEAR(D17),MONTH(D17),1))
G18: =IF(A18="","",IF(H18<>"",IF(I18="","Revisar",IF(I18>=C18,"Pago","Parcial")),IF(D18="","Revisar",IF(D18<TODAY(),"Vencido",IF(D18=TODAY(),"Vence hoje","A vencer"))))) | J18: =IF(A18="","",MAX(C18-IF(I18="",0,I18),0)) | K18: =IF(A18="","",IF(I18="","",I18-C18)) | L18: =IF(A18="","",IF(OR(G18="Pago",D18=""),0,D18-TODAY())) | M18: =IF(A18="","",IF(OR(E18="",E18="Não recorrente",D18=""),"",IF(E18="Semanal",D18+7,IF(E18="Quinzenal",D18+14,IF(E18="Mensal",EDATE(D18,1),IF(E18="Bimestral",EDATE(D18,2),IF(E18="Trimestral",EDATE(D18,3),IF(E18="Semestral",EDATE(D18,6),IF(E18="Anual",EDATE(D18,12),""))))))))) | N18: =IF(D18="","",DATE(YEAR(D18),MONTH(D18),1))
G19: =IF(A19="","",IF(H19<>"",IF(I19="","Revisar",IF(I19>=C19,"Pago","Parcial")),IF(D19="","Revisar",IF(D19<TODAY(),"Vencido",IF(D19=TODAY(),"Vence hoje","A vencer"))))) | J19: =IF(A19="","",MAX(C19-IF(I19="",0,I19),0)) | K19: =IF(A19="","",IF(I19="","",I19-C19)) | L19: =IF(A19="","",IF(OR(G19="Pago",D19=""),0,D19-TODAY())) | M19: =IF(A19="","",IF(OR(E19="",E19="Não recorrente",D19=""),"",IF(E19="Semanal",D19+7,IF(E19="Quinzenal",D19+14,IF(E19="Mensal",EDATE(D19,1),IF(E19="Bimestral",EDATE(D19,2),IF(E19="Trimestral",EDATE(D19,3),IF(E19="Semestral",EDATE(D19,6),IF(E19="Anual",EDATE(D19,12),""))))))))) | N19: =IF(D19="","",DATE(YEAR(D19),MONTH(D19),1))
G20: =IF(A20="","",IF(H20<>"",IF(I20="","Revisar",IF(I20>=C20,"Pago","Parcial")),IF(D20="","Revisar",IF(D20<TODAY(),"Vencido",IF(D20=TODAY(),"Vence hoje","A vencer"))))) | J20: =IF(A20="","",MAX(C20-IF(I20="",0,I20),0)) | K20: =IF(A20="","",IF(I20="","",I20-C20)) | L20: =IF(A20="","",IF(OR(G20="Pago",D20=""),0,D20-TODAY())) | M20: =IF(A20="","",IF(OR(E20="",E20="Não recorrente",D20=""),"",IF(E20="Semanal",D20+7,IF(E20="Quinzenal",D20+14,IF(E20="Mensal",EDATE(D20,1),IF(E20="Bimestral",EDATE(D20,2),IF(E20="Trimestral",EDATE(D20,3),IF(E20="Semestral",EDATE(D20,6),IF(E20="Anual",EDATE(D20,12),""))))))))) | N20: =IF(D20="","",DATE(YEAR(D20),MONTH(D20),1))
G21: =IF(A21="","",IF(H21<>"",IF(I21="","Revisar",IF(I21>=C21,"Pago","Parcial")),IF(D21="","Revisar",IF(D21<TODAY(),"Vencido",IF(D21=TODAY(),"Vence hoje","A vencer"))))) | J21: =IF(A21="","",MAX(C21-IF(I21="",0,I21),0)) | K21: =IF(A21="","",IF(I21="","",I21-C21)) | L21: =IF(A21="","",IF(OR(G21="Pago",D21=""),0,D21-TODAY())) | M21: =IF(A21="","",IF(OR(E21="",E21="Não recorrente",D21=""),"",IF(E21="Semanal",D21+7,IF(E21="Quinzenal",D21+14,IF(E21="Mensal",EDATE(D21,1),IF(E21="Bimestral",EDATE(D21,2),IF(E21="Trimestral",EDATE(D21,3),IF(E21="Semestral",EDATE(D21,6),IF(E21="Anual",EDATE(D21,12),""))))))))) | N21: =IF(D21="","",DATE(YEAR(D21),MONTH(D21),1))
G22: =IF(A22="","",IF(H22<>"",IF(I22="","Revisar",IF(I22>=C22,"Pago","Parcial")),IF(D22="","Revisar",IF(D22<TODAY(),"Vencido",IF(D22=TODAY(),"Vence hoje","A vencer"))))) | J22: =IF(A22="","",MAX(C22-IF(I22="",0,I22),0)) | K22: =IF(A22="","",IF(I22="","",I22-C22)) | L22: =IF(A22="","",IF(OR(G22="Pago",D22=""),0,D22-TODAY())) | M22: =IF(A22="","",IF(OR(E22="",E22="Não recorrente",D22=""),"",IF(E22="Semanal",D22+7,IF(E22="Quinzenal",D22+14,IF(E22="Mensal",EDATE(D22,1),IF(E22="Bimestral",EDATE(D22,2),IF(E22="Trimestral",EDATE(D22,3),IF(E22="Semestral",EDATE(D22,6),IF(E22="Anual",EDATE(D22,12),""))))))))) | N22: =IF(D22="","",DATE(YEAR(D22),MONTH(D22),1))
G23: =IF(A23="","",IF(H23<>"",IF(I23="","Revisar",IF(I23>=C23,"Pago","Parcial")),IF(D23="","Revisar",IF(D23<TODAY(),"Vencido",IF(D23=TODAY(),"Vence hoje","A vencer"))))) | J23: =IF(A23="","",MAX(C23-IF(I23="",0,I23),0)) | K23: =IF(A23="","",IF(I23="","",I23-C23)) | L23: =IF(A23="","",IF(OR(G23="Pago",D23=""),0,D23-TODAY())) | M23: =IF(A23="","",IF(OR(E23="",E23="Não recorrente",D23=""),"",IF(E23="Semanal",D23+7,IF(E23="Quinzenal",D23+14,IF(E23="Mensal",EDATE(D23,1),IF(E23="Bimestral",EDATE(D23,2),IF(E23="Trimestral",EDATE(D23,3),IF(E23="Semestral",EDATE(D23,6),IF(E23="Anual",EDATE(D23,12),""))))))))) | N23: =IF(D23="","",DATE(YEAR(D23),MONTH(D23),1))
G24: =IF(A24="","",IF(H24<>"",IF(I24="","Revisar",IF(I24>=C24,"Pago","Parcial")),IF(D24="","Revisar",IF(D24<TODAY(),"Vencido",IF(D24=TODAY(),"Vence hoje","A vencer"))))) | J24: =IF(A24="","",MAX(C24-IF(I24="",0,I24),0)) | K24: =IF(A24="","",IF(I24="","",I24-C24)) | L24: =IF(A24="","",IF(OR(G24="Pago",D24=""),0,D24-TODAY())) | M24: =IF(A24="","",IF(OR(E24="",E24="Não recorrente",D24=""),"",IF(E24="Semanal",D24+7,IF(E24="Quinzenal",D24+14,IF(E24="Mensal",EDATE(D24,1),IF(E24="Bimestral",EDATE(D24,2),IF(E24="Trimestral",EDATE(D24,3),IF(E24="Semestral",EDATE(D24,6),IF(E24="Anual",EDATE(D24,12),""))))))))) | N24: =IF(D24="","",DATE(YEAR(D24),MONTH(D24),1))
G25: =IF(A25="","",IF(H25<>"",IF(I25="","Revisar",IF(I25>=C25,"Pago","Parcial")),IF(D25="","Revisar",IF(D25<TODAY(),"Vencido",IF(D25=TODAY(),"Vence hoje","A vencer"))))) | J25: =IF(A25="","",MAX(C25-IF(I25="",0,I25),0)) | K25: =IF(A25="","",IF(I25="","",I25-C25)) | L25: =IF(A25="","",IF(OR(G25="Pago",D25=""),0,D25-TODAY())) | M25: =IF(A25="","",IF(OR(E25="",E25="Não recorrente",D25=""),"",IF(E25="Semanal",D25+7,IF(E25="Quinzenal",D25+14,IF(E25="Mensal",EDATE(D25,1),IF(E25="Bimestral",EDATE(D25,2),IF(E25="Trimestral",EDATE(D25,3),IF(E25="Semestral",EDATE(D25,6),IF(E25="Anual",EDATE(D25,12),""))))))))) | N25: =IF(D25="","",DATE(YEAR(D25),MONTH(D25),1))
G26: =IF(A26="","",IF(H26<>"",IF(I26="","Revisar",IF(I26>=C26,"Pago","Parcial")),IF(D26="","Revisar",IF(D26<TODAY(),"Vencido",IF(D26=TODAY(),"Vence hoje","A vencer"))))) | J26: =IF(A26="","",MAX(C26-IF(I26="",0,I26),0)) | K26: =IF(A26="","",IF(I26="","",I26-C26)) | L26: =IF(A26="","",IF(OR(G26="Pago",D26=""),0,D26-TODAY())) | M26: =IF(A26="","",IF(OR(E26="",E26="Não recorrente",D26=""),"",IF(E26="Semanal",D26+7,IF(E26="Quinzenal",D26+14,IF(E26="Mensal",EDATE(D26,1),IF(E26="Bimestral",EDATE(D26,2),IF(E26="Trimestral",EDATE(D26,3),IF(E26="Semestral",EDATE(D26,6),IF(E26="Anual",EDATE(D26,12),""))))))))) | N26: =IF(D26="","",DATE(YEAR(D26),MONTH(D26),1))
G27: =IF(A27="","",IF(H27<>"",IF(I27="","Revisar",IF(I27>=C27,"Pago","Parcial")),IF(D27="","Revisar",IF(D27<TODAY(),"Vencido",IF(D27=TODAY(),"Vence hoje","A vencer"))))) | J27: =IF(A27="","",MAX(C27-IF(I27="",0,I27),0)) | K27: =IF(A27="","",IF(I27="","",I27-C27)) | L27: =IF(A27="","",IF(OR(G27="Pago",D27=""),0,D27-TODAY())) | M27: =IF(A27="","",IF(OR(E27="",E27="Não recorrente",D27=""),"",IF(E27="Semanal",D27+7,IF(E27="Quinzenal",D27+14,IF(E27="Mensal",EDATE(D27,1),IF(E27="Bimestral",EDATE(D27,2),IF(E27="Trimestral",EDATE(D27,3),IF(E27="Semestral",EDATE(D27,6),IF(E27="Anual",EDATE(D27,12),""))))))))) | N27: =IF(D27="","",DATE(YEAR(D27),MONTH(D27),1))
... G205: =IF(A205="","",IF(H205<>"",IF(I205="","Revisar",IF(I205>=C205,"Pago","Parcial")),IF(D205="","Revisar",IF(D205<TODAY(),"Vencido",IF(D205=TODAY(),"Vence hoje","A vencer"))))) | J205: =IF(A205="","",MAX(C205-IF(I205="",0,I205),0)) | K205: =IF(A205="","",IF(I205="","",I205-C205)) | L205: =IF(A205="","",IF(OR(G205="Pago",D205=""),0,D205-TODAY())) | M205: =IF(A205="","",IF(OR(E205="",E205="Não recorrente",D205=""),"",IF(E205="Semanal",D205+7,IF(E205="Quinzenal",D205+14,IF(E205="Mensal",EDATE(D205,1),IF(E205="Bimestral",EDATE(D205,2),IF(E205="Trimestral",EDATE(D205,3),IF(E205="Semestral",EDATE(D205,6),IF(E205="Anual",EDATE(D205,12),""))))))))) | N205: =IF(D205="","",DATE(YEAR(D205),MONTH(D205),1))

Sheet LISTAS
A1: Categorias | B1: Recorrências | C1: Formas de pagamento | D1: Status calculado | E1: Parâmetro | F1: Valor
A2: Aluguel/Moradia | B2: Não recorrente | C2: Pix | D2: Pago | E2: Ano de análise | F2: 2026
A3: Condomínio | B3: Semanal | C3: Débito automático | D3: Parcial | E3: Moeda | F3: BRL
A4: Energia | B4: Quinzenal | C4: Boleto | D4: Vencido | E4: Horizonte de alerta (dias) | F4: 7
A5: Água | B5: Mensal | C5: Cartão de crédito | D5: Vence hoje | E5: Versão | F5: 1.0
A6: Internet | B6: Bimestral | C6: Transferência | D6: A vencer
A7: Telefone | B7: Trimestral | C7: Dinheiro | D7: Revisar
A8: Cartão de crédito | B8: Semestral | C8: Outro
A9: Assinaturas | B9: Anual
A10: Escola/Educação
A11: Saúde
A12: Seguros
A13: Impostos/Taxas
A14: Transporte
A15: Outros

Sheet AUDITORIA
A1: AUDITORIA E CHECKS
A2: Use esta aba para identificar preenchimentos que merecem revisão.
A4: Verificação | B4: Resultado | C4: Status
A5: Registros com conta | B5: =COUNTIF(CONTAS!$A$6:$A$205,"<>") -> 10 | C5: INFO
A6: Campos obrigatórios faltantes (categoria/valor/vencimento) | B6: =COUNTIFS(CONTAS!$A$6:$A$205,"<>",CONTAS!$B$6:$B$205,"")+COUNTIFS(CONTAS!$A$6:$A$205,"<>",CONTAS!$C$6:$C$205,"")+COUNTIFS(CONTAS!$A$6:$A$205,"<>",CONTAS!$D$6:$D$205,"") -> 0 | C6: =IF(B6=0,"OK","REVISAR") -> OK
A7: Data paga sem valor pago | B7: =COUNTIFS(CONTAS!$A$6:$A$205,"<>",CONTAS!$H$6:$H$205,"<>",CONTAS!$I$6:$I$205,"") -> 0 | C7: =IF(B7=0,"OK","REVISAR") -> OK
A8: Valor pago sem data paga | B8: =COUNTIFS(CONTAS!$A$6:$A$205,"<>",CONTAS!$I$6:$I$205,">0",CONTAS!$H$6:$H$205,"") -> 0 | C8: =IF(B8=0,"OK","REVISAR") -> OK
A9: Status 'Revisar' | B9: =COUNTIF(CONTAS!$G$6:$G$205,"Revisar") -> 0 | C9: =IF(B9=0,"OK","REVISAR") -> OK
A10: Registros com status vazio apesar de conta preenchida | B10: =COUNTIFS(CONTAS!$A$6:$A$205,"<>",CONTAS!$G$6:$G$205,"") -> 0 | C10: =IF(B10=0,"OK","REVISAR") -> OK
A11: Valores negativos (previsto ou pago) | B11: =COUNTIF(CONTAS!$C$6:$C$205,"<0")+COUNTIF(CONTAS!$I$6:$I$205,"<0") -> 0 | C11: =IF(B11=0,"OK","REVISAR") -> OK
A12: Saldo vencido total | B12: =SUMIFS(CONTAS!$J$6:$J$205,CONTAS!$D$6:$D$205,"<"&TODAY(),CONTAS!$J$6:$J$205,">0") -> 900 | C12: INFO
